 Dungeon Crawl Stone Soup version 0.23.0 (webtiles) character file.

Game seed: 13028973792307238212

1988 myrsnipe the Zephyrmancer (level 9, -5/46 HPs)
             Began as a Tengu Air Elementalist on Feb 12, 2019.
             Was an Initiate of Vehumet.
             Shot with an arrow by a centaur (13 damage)
             ... on level 7 of the Dungeon.
             The game lasted 01:10:33 (4217 turns).

myrsnipe the Zephyrmancer (Tengu Air Elementalist)  Turns: 4217, Time: 01:10:33

Health: -5/46      AC:  4    Str:  8    XL:     9   Next: 21%
Magic:  15/17      EV: 14    Int: 19    God:    Vehumet [......]
Gold:   228        SH:  0    Dex: 17    Spells: 10/18 levels left

rFire    . . .     SeeInvis .   n - +1 short sword (holy)
rCold    . . .     Gourm    .   (no shield)
rNeg     . . .     Faith    .   a - +0 robe
rPois    .         Spirit   .   b - +2 hat
rElec    .         Reflect  .   (no cloak)
rCorr    +         Harm     .   (no gloves)
MR       .....                  (boots unavailable)
Stlth    +++.......             v - amulet of regeneration
HPRegen  0.55/turn              m - +2 ring of dexterity
MPRegen  0.15/turn              r - ring of resist corrosion

@: no status effects
A: beak, talons 3, able to fly
a: Fly, Renounce Religion


You were on level 7 of the Dungeon.
You worshipped Vehumet.
Vehumet was noncommittal.
You were not hungry.

You visited 2 branches of the dungeon, and saw 8 of its levels.

You collected 228 gold pieces.

Inventory:

Hand Weapons
 n - a +1 short sword of holy wrath (weapon)
 B - a cursed -1 mace
 I - a +3 dagger
 N - a +0 war axe
Armour
 a - a +0 robe (worn)
 b - a +2 hat (worn)
 f - a +0 plate armour
 k - a +0 ring mail
 o - a +0 ring mail
 q - a +0 plate armour
 y - a +0 cloak
 G - a +0 plate armour
 K - a +0 helmet
Jewellery
 m - a +2 ring of dexterity (left hand)
 p - an uncursed ring of protection from fire
 r - a ring of resist corrosion (right hand)
 v - an amulet of regeneration (around neck)
 F - an uncursed amulet of rage {unknown}
 H - an uncursed ring of positive energy {unknown}
Wands
 J - a wand of iceblast (17)
Scrolls
 d - 2 scrolls of teleportation {unknown}
 e - 4 scrolls of remove curse {unknown}
 h - 7 scrolls of identify {unknown}
 i - a scroll of immolation {unknown}
 l - 2 scrolls of amnesia {unknown}
 t - a scroll of noise {unknown}
 u - 2 scrolls of enchant armour {unknown}
 w - a scroll of magic mapping {unknown}
 A - a scroll of enchant weapon {unknown}
 C - a scroll of random uselessness {unknown}
 L - 3 scrolls of blinking {unknown}
Potions
 g - a potion of haste {unknown}
 j - a potion of berserk rage
 s - a potion of brilliance {unknown}
 x - a potion of flight {unknown}
 z - 2 potions of degeneration {unknown}
 D - 4 potions of curing {unknown}
 E - a potion of lignification {unknown}
 M - a potion of might
Comestibles
 c - 9 rations


   Skills:
 - Level 0.4 Fighting
 + Level 3.7 Short Blades
 + Level 3.2 Armour
 + Level 4.2 Dodging
 + Level 4.2 Stealth
 * Level 5.2 Spellcasting
 * Level 6.7 Conjurations
 * Level 8.7 Air Magic


You had 10 spell levels left.
You knew the following spells:

 Your Spells              Type           Power        Failure   Level  Hunger
a - Shock                 Conj/Air       ####         1%          1    None
b - Static Discharge      Conj/Air       ####....     1%          3    ##.....
c - Airstrike             Air            #####.....   3%          4    ####...

Your spell library contained the following spells:

 Spells                   Type           Power        Failure   Level  Hunger
 Swiftness                Chrm/Air       ###.....     3%          2    #......
 Animate Skeleton         Necr           N/A          12%         1    None
 Confusing Touch          Hex            #.....       12%         1    None
 Pain                     Necr           #...         12%         1    None
 Lightning Bolt           Conj/Air       ####......   14%         5    ######.
 Confuse                  Hex            #.......     36%         3    ##.....
 Gell's Gravitas          Tloc           #.........   36%         3    ##.....
 Regeneration             Chrm/Necr      #.........   36%         3    ##.....
 Vampiric Draining        Necr           #.........   36%         3    ##.....
 Animate Dead             Necr           N/A          77%         4    ####...
 Petrify                  Tmut/Erth      #.......     77%         4    ####...
 Metabolic Englaciation   Hex/Ice        #.........   98%         5    ######.
 Yara's Violent Unravell  Hex/Tmut       #.........   98%         5    ######.


Dungeon Overview and Level Annotations

Branches:
Dungeon (7/15)             Temple (1/1) D:7

Altars:
Ashenzari
Cheibriados
Dithmenos
Elyvilon
Fedhas
Gozag
Hepliaklqana
Kikubaaqudgha
Makhleb
Nemelex Xobeh
Okawaru
Qazlal
Ru
Sif Muna
Trog
Uskayaw
Vehumet
Wu Jian
Xom
The Shining One

Shops:
D:5 }

Annotations:
D:3 Sigmund
D:4 Menkaure


Innate Abilities, Weirdness & Mutations

You have a beak for a mouth.
You have claws for feet.
You can fly continuously.


Message History

The centaur shoots an arrow.
The arrow closely misses you.
Things that are here:
an arrow; a rapier The centaur shoots an arrow.
The arrow hits you.
You hear a shout! x2
You see here an arrow.
The centaur shoots an arrow.
The arrow hits you.
You see here an arrow.
The centaur shoots an arrow.
The arrow closely misses you.
You see here an arrow.
The centaur shoots an arrow.
The arrow hits you!
* * * LOW HITPOINT WARNING * * *
The centaur shoots an arrow.
The arrow misses you.
You see here an arrow.
The centaur shoots an arrow.
The arrow hits you.
* * * LOW HITPOINT WARNING * * *
You see here an arrow.
There is a stone staircase leading up here.
The centaur shoots an arrow.
The arrow hits you!
You die...

.....#..c...#.............#......
.....#.............##....##......
...................##.##.##.##...
...................#.........#.(.
.........(.........).............
..........(.#......#..⌠...⌠..#...
............#......#.........#.#.
............c...........>........
###########...o.@..#.........#..#
#........#..⌠...⌠..#(.#
#.....................#
###........#.........#...
...........##.##.##.##...
..........###.##..#.#+#..
...........###.....#.. #..
.######......'.....#.###..
#......#.....#.###..


You could see a centaur and an orc.

Vanquished Creatures
  A hungry ghost (D:7)
  Duvessa (D:6)
  A water moccasin (D:7)
  4 sky beasts
  An orc warrior (D:6)
  2 ice beasts
  2 ogres
  A bullfrog (D:6)
  Dowan (D:6)
  A scorpion (D:4)
  A water moccasin skeleton (D:7)
  A howler monkey (D:6)
  A bullfrog zombie (D:6)
  A hound (D:4)
  A jelly (D:7)
  A bullfrog skeleton (D:4)
  2 orc wizards
  6 worker ants
  A hound zombie (D:6)
  A hound skeleton (D:7)
  A howler monkey skeleton (D:6)
  6 gnolls
  8 adders
  A shadow imp (D:6)
  An ooze (D:3)
  3 dart slugs
  A leopard gecko (D:3)
  6 orcs
  4 giant cockroaches
  8 goblins
  8 hobgoblins
  11 jackals
  9 kobolds
  2 ball pythons
  7 bats
  8 frilled lizards
  A jackal skeleton (D:4)
  A leopard gecko skeleton (D:7)
  10 rats
127 creatures vanquished.

Notes
Turn   | Place    | Note
-------+----------+-------------------------------------------
     0 | D:1      | myrsnipe the Tengu Air Elementalist began the quest for the
                  | Orb.
     0 | D:1      | Reached XP level 1. HP: 10/10 MP: 4/4
    65 | D:1      | Reached XP level 2. HP: 15/15 MP: 1/6
   568 | D:1      | Reached XP level 3. HP: 8/19 MP: 1/7
   791 | D:1      | Reached skill level 5 in Air Magic
  1068 | D:2      | Reached XP level 4. HP: 24/24 MP: 2/8
  1338 | D:2      | Reached skill level 1 in Short Blades
  1383 | D:2      | Gained mutation: You can fly continuously. [Tengu growth]
  1383 | D:2      | Reached XP level 5. HP: 19/28 MP: 6/9
  1678 | D:4      | Reached skill level 6 in Air Magic
  1682 | D:4      | Noticed Menkaure
  1900 | D:3      | Noticed Sigmund
  2017 | D:3      | Reached XP level 6. HP: 31/33 MP: 6/11
  2105 | D:3      | Learned a level 3 spell: Static Discharge
  2450 | D:5      | Entered Level 5 of the Dungeon
  2478 | D:5      | Noticed an ice beast
  2485 | D:5      | Killed an ice beast
  2563 | D:5      | Reached skill level 1 in Armour
  2563 | D:5      | Reached XP level 7. HP: 19/37 MP: 5/13
  2685 | D:5      | You fall through a shaft for 2 floors!
  2685 | D:7      | Found a staircase to the Ecumenical Temple.
  2693 | D:7      | Noticed a hungry ghost
  2699 | D:7      | Learned a level 4 spell: Airstrike
  2702 | D:7      | Killed a hungry ghost
  2768 | D:6      | Reached skill level 7 in Air Magic
  2788 | D:6      | Noticed Dowan
  2790 | D:6      | Noticed Duvessa
  2803 | D:6      | Killed Duvessa
  2810 | D:6      | Killed Dowan
  2909 | D:6      | Reached XP level 8. HP: 42/42 MP: 6/15
  2959 | D:6      | Reached skill level 5 in Conjurations
  3289 | D:6      | Reached skill level 8 in Air Magic
  3628 | D:5      | Found Nosoagepp's Gadget Boutique.
  3838 | D:7      | Reached skill level 5 in Spellcasting
  3838 | D:7      | Reached XP level 9. HP: 29/46 MP: 4/17
  3934 | Temple   | Entered the Ecumenical Temple
  3995 | Temple   | Became a worshipper of Vehumet
  4217 | D:7      | Shot with an arrow by a centaur

Skill      XL: |  1  2  3  4  5  6  7  8  9 |
---------------+----------------------------+-----
Air Magic      | 5 6 7 8 |  8.7
Conjurations   | 2 3 4 6 |  6.7
Short Blades   | 1 2 3 |  3.7
Spellcasting   | 3 4 5 |  5.2
Armour         | 1 2 3 |  3.2
Stealth        | 3 4 |  4.2
Dodging        | 3 4 |  4.2
Fighting       | |  0.4

Action                   |  1- 3 |  4- 6 |  7- 9 || total
-------------------------+-------+-------+-------++-------
Melee: Dagger            |    17 |       |       ||    17
       Peck              |     5 |     5 |    14 ||    24
       Kick              |     4 |     8 |    18 ||    30
       Short sword       |    13 |    69 |    52 ||   134
 Cast: Shock             |    51 |    96 |    83 ||   230
       Airstrike         |       |       |    11 ||    11
       Static Discharge  |       |       |     8 ||     8
  Use: Potion            |       |     3 |       ||     3
 Stab: Sleeping          |       |     2 |       ||     2
  Eat: Chunk             |     1 |     4 |       ||     5
       Ration            |       |     1 |     2 ||     3
Armor: Robe              |    11 |    31 |     9 ||    51
Dodge: Dodged            |    29 |    56 |    55 ||   140
